General information
			
			
        
        - name: 1v1 Obs from 0bs w/ <11
 
        - type: Custom game
 
        - host: ElectricCoolAid
 
        - saver: TIMG4STRok
 
        
map: EchoIsles 
        - players: 12
 
        - length: 15:26
 
        - speed: Fast
 - version: 1.22 W3XP
 - replay type:  

 
» download(55 KB)
Players
        team 1 (loser) 
              
              
ElectricCoolAid (
red | 68 APM | 1054 actions | 15:25)
              
 4 Blademaster 
 2 Wind Walk
 2 Critical Strike
 3 Shadow Hunter 
 1 Hex
 2 Healing Wave
 
                » actions 
                
                | Assign group hotkey | 8 |  | 
| Basic commands | 24 |  | 
| Build / train | 55 |  | 
| Enter build submenu | 15 |  | 
| Enter hero's abilities submenu | 7 |  | 
| Give item / drop item | 8 |  | 
| Right click | 555 |  | 
| Select / deselect | 274 |  | 
| Select group hotkey | 3 |  | 
| Use ability | 105 |  | 
                1054 total
 » units 
                
                | Peon | 9 |  | 
| Grunt | 3 |  | 
| Raider | 3 |  | 
| Spirit Walker | 4 |  | 
| Forest Troll Berserker | 1 |  | 
| Wind Rider | 1 |  | 
                21 total
 » upgrades
                
                | Berserker Strength | 1 |  | 
| Ensnare | 1 |  | 
| Spirit Walker Training | 1 |  | 
| Reinforced Defenses | 1 |  | 
                4 total
 » buildings
                
                | Altar of Storms | 1 |  | 
| Orc Burrow | 5 |  | 
| Barracks | 1 |  | 
| Voodoo Lounge | 1 |  | 
| Stronghold | 1 |  | 
| Beastiary | 2 |  | 
| Spirit Lodge | 1 |  | 
| War Mill | 1 |  | 
| Great Hall | 1 |  | 
| Fortress | 1 |  | 
| Watch Tower | 2 |  | 
                17 total
 » build order
                00:06 Altar of Storms
00:15 Orc Burrow
00:36 Barracks
01:25 Orc Burrow
01:50 Voodoo Lounge
03:02 Stronghold
05:36 Beastiary
05:42 Spirit Lodge
05:44 Orc Burrow
06:15 Orc Burrow
06:21 War Mill
08:57 Great Hall
11:22 Fortress
11:25 Watch Tower
11:26 Watch Tower
11:46 Beastiary
14:06 Orc Burrow
» items
                
                | Circlet of Nobility | 2 |  | 
| Healing Salve | 6 |  | 
| Lesser Clarity Potion | 2 |  | 
| Gloves of Haste | 1 |  | 
| Claws of Attack +6 | 1 |  | 
| Scroll of Healing | 1 |  | 
| Sentry Wards | 1 |  | 
| Potion of Healing | 2 |  | 
| Potion of Lesser Invulnerability | 1 |  | 
| Potion of Mana | 1 |  | 
                18 total
  
               team 2 (winner) 
              
              
» 
TIMG4STRok (
gray | 125 APM | 1924 actions | 15:26)
              
 4 Dreadlord 
 2 Sleep
 2 Vampiric Aura
 3 Lich 
 2 Frost Nova
 1 Frost Armor
 
                » actions 
                
                | Assign group hotkey | 34 |  | 
| Basic commands | 69 |  | 
| Build / train | 57 |  | 
| ESC pressed | 2 |  | 
| Enter build submenu | 22 |  | 
| Enter hero's abilities submenu | 7 |  | 
| Give item / drop item | 3 |  | 
| Right click | 950 |  | 
| Select / deselect | 209 |  | 
| Select group hotkey | 511 |  | 
| Use ability | 60 |  | 
                1924 total
 » units 
                
                | Acolyte | 2 |  | 
| Ghoul | 10 |  | 
| Obsidian Statue | 2 |  | 
| Necromancer | 4 |  | 
| Banshee | 3 |  | 
| Meatwagon | 3 |  | 
| Abomination | 3 |  | 
                27 total
 » upgrades
                
                | Unholy Strength | 1 |  | 
| Ghoul Frenzy | 1 |  | 
| Necromancer Training | 2 |  | 
| Banshee Training | 2 |  | 
| Exhume Corpses | 1 |  | 
| Unholy Armor | 1 |  | 
| Skeletal Mastery | 1 |  | 
| Skeletal Longevity | 1 |  | 
| Disease Cloud | 1 |  | 
                11 total
 » buildings
                
                | Crypt | 1 |  | 
| Altar of Darkness | 1 |  | 
| Ziggurat | 6 |  | 
| Tomb of Relics | 1 |  | 
| Nerubian Tower | 1 |  | 
| Halls of the Dead | 2 |  | 
| Graveyard | 1 |  | 
| Black Citadel | 1 |  | 
| Temple of the Damned | 2 |  | 
| Slaughterhouse | 1 |  | 
                17 total
 » build order
                00:07 Crypt
00:11 Altar of Darkness
00:33 Ziggurat
00:53 Tomb of Relics
01:42 Ziggurat
01:45 Nerubian Tower
03:07 Halls of the Dead
03:07 Halls of the Dead
05:02 Graveyard
05:04 Ziggurat
05:34 Black Citadel
07:28 Temple of the Damned
07:32 Slaughterhouse
09:55 Temple of the Damned
09:58 Ziggurat
11:15 Ziggurat
13:58 Ziggurat
» items
                
                | Rod of Necromancy | 1 |  | 
| Dust of Appearance | 3 |  | 
| Orb of Corruption | 1 |  | 
                5 total
  
               observersRch, 
eGPure, 
BidouxJr, 
ActionJackson3, 
urprincess, 
1337duck1337, 
xD.SHlN, 
Stim[Fw], 
mannerburn, 
EverGrey Chat log
          (00:20 / All) TIMG4STRok: gl hf
(00:40 / All) ElectricCoolAid: gl hf
(01:14 / All) ElectricCoolAid: get a good race?
(01:17 / All) TIMG4STRok: nope
(01:20 / All) ElectricCoolAid: poob
(01:26 / All) TIMG4STRok: it's ok i'll make this game fun
(01:32 / All) ElectricCoolAid: me too :]
(02:26 / All) ElectricCoolAid: nice
(03:05 / All) ElectricCoolAid: interesting
(03:14 / All) ElectricCoolAid: behind you!
(03:30 / All) ElectricCoolAid: ;/
(04:11 / All) ElectricCoolAid: manner
(15:23 / All) ElectricCoolAid: wp
(15:23 / All) ElectricCoolAid: gg
(15:25 / All) TIMG4STRok: g